 Dungeon Crawl Stone Soup version 0.29-a0-284-gf9362112df (webtiles) character file.

Game seed: 7886135473504836798

43 rabbitsville the Slasher (level 3, -1/29 HPs)
             Began as a Merfolk Gladiator on Mar 17, 2022.
             Slain by Terence
             ... wielding a +2 short sword of protection
              (6 damage)
             ... on level 2 of the Dungeon.
             The game lasted 00:02:41 (967 turns).

rabbitsville the Slasher (Merfolk Gladiator)         Turns: 967, Time: 00:02:42

Health: -1/29      AC:  4    Str: 16    XL:     3   Next: 58%
Magic:  3/3        EV: 13    Int:  7    God:
Gold:   72         SH:  0    Dex: 15    Spells: 2/2 levels left

rFire   . . .      SeeInvis .   a - +0 long sword
rCold   . . .      Faith    .   (no shield)
rNeg    . . .      Spirit   .   b - +0 leather armour
rPois   .          Reflect  .   c - +0 helmet
rElec   .          Harm     .   (no cloak)
rCorr   .          Rampage  .   (no gloves)
Will    .....                   (no boots)
Stlth   +.........              (no amulet)
HPRegen 0.09/turn               (no ring)
MPRegen 0.08/turn               (no ring)

@: no status effects
A: (nimble swimmer 2), mertail
a: no special abilities


You were on level 2 of the Dungeon.
You visited 1 branch of the dungeon, and saw 2 of its levels.

You collected 72 gold pieces.

Inventory:

Hand Weapons
 a - a +0 long sword (weapon)
Missiles
 d - 3 throwing nets (quivered)
 e - a javelin
Armour
 b - a +0 leather armour (worn)
 c - a +0 helmet (worn)
Scrolls
 g - a scroll of torment {unknown}
 h - a scroll of identify {unknown}
 j - a scroll of amnesia {unknown}
 k - 3 scrolls of teleportation {unknown}
 m - a scroll of summoning {unknown}
Potions
 f - a potion of heal wounds {unknown}
 i - 2 potions of attraction {unknown}
 l - a potion of lignification {unknown}


   Skills:
 + Level 3.0 Fighting
 * Level 4.9 Long Blades
 - Level 2.0 Throwing
 - Level 4.0 Dodging


You had 2 spell levels left.
You didn't know any spells.
Your spell library was empty.

Dungeon Overview and Level Annotations

Branches:
Dungeon (2/15)

Altars:

Annotations:
D:2 Terence


Innate Abilities, Weirdness & Mutations

((You are very nimble when in or above water. (Stealth+, EV+, Speed+++)))
Your lower body shifts to a powerful aquatic tail in water.


Message History

You see here a +0 club.
You see here a +0 leather armour.
A kobold comes into view. It is wielding a +0 whip.
Found a fizzy inky potion.
You slash the kobold!
You kill the kobold!
Terence and a hobgoblin come into view.
Terence is wielding a +2 short sword of protection and wearing a +1 scale mail of positive energy.
An adder comes into view.
You see here a +0 whip.
The hobgoblin shouts!
An adder comes into view.
Found 11 gold pieces.
The adder bites you. x2
Terence asks, "Do you want it fast or slow?"
You see here a +0 whip.
You barely miss the adder. The adder barely misses you.
The adder closely misses you.
You slash the adder!
The adder is severely wounded.
The adder completely misses you.
You hit the adder.
You kill the adder!
Your Fighting skill increases to level 3!
You hit Terence.
Terence is lightly wounded.
Terence hits you with a +2 short sword of protection.
You hit Terence.
Terence is moderately wounded.
Terence hits you with a +2 short sword of protection!
You hit Terence but do no damage.
Terence is moderately wounded.
Terence hits you with a +2 short sword of protection!
* * * LOW HITPOINT WARNING * * *
You hit Terence but do no damage.
Terence is moderately wounded.
Terence hits you with a +2 short sword of protection.
* * * LOW HITPOINT WARNING * * *
Terence hits you with a +2 short sword of protection.
You die...

#. ### S.. ..
#..# #.
#...##.######
............##
.............#
..#......##..#
........g@@..#
..#....!.###[#
#......# #.#.#
$....#.###
#.#.# ####.#.
#.#.# # #.
#.#.# #. #)#.#
#. #.#.#
.#####.#.#


You could see Terence and a hobgoblin.

Vanquished Creatures
  An adder (D:2)
  4 endoplasms (D:1)
  3 giant cockroaches
  3 goblins
  2 hobgoblins (D:1)
  2 jackals (D:1)
  3 kobolds
  2 quokkas (D:1)
  A ball python (D:1)
  4 bats
  2 rats (D:1)
27 creatures vanquished.

Notes
Turn   | Place    | Note
-------+----------+-------------------------------------------
     0 | D:1      | rabbitsville the Merfolk Gladiator began the quest for the
                  | Orb.
     0 | D:1      | Reached XP level 1. HP: 16/16 MP: 1/1
    35 | D:1      | Reached XP level 2. HP: 3/23 MP: 2/2
   435 | D:1      | Found a faded altar of an unknown god.
   637 | D:1      | Reached XP level 3. HP: 28/28 MP: 3/3
   955 | D:2      | Noticed Terence
   967 | D:2      | Slain by Terence

Illustrated notes

Levels and vault maps discovered:
D:1:      saegor_arrival_simple_a, layout_rooms,
          hellmonk_ecumenical_altar_inner_sanctum, columned_hall_lemuel,
          hangedman_abyss_or_decor_stabs
D:2:      layout_loops_ring, wad_floor_pattern_untrapped, minmay_fountain_box,
          uniq_terence

Skill      XL: |  1  2  3 |
---------------+----------+-----
Long Blades    | 4 |  4.9
Fighting       | 3 |  3.0
Throwing       | |  2.0
Dodging        | |  4.0

Action                   || total
-------------------------++-------
Melee: Long sword        ||    74
Armor: Leather armour    ||    26
Dodge: Dodged            ||    65

Table legend: (Time is in decaauts)
 A = Elapsed time spent in this place.
 B = Non-inter-level travel time spent in this place.
 C = Inter-level travel time spent in this place.
 D = Time resting spent in this place.
 E = Time spent auto-exploring this place.
 F = Levels seen in this place.
 G = Mean time per level.
                   A        B        C        D        E       F      G
               +--------+--------+--------+--------+--------+-----+--------+
         Total |    979 |    965 |     14 |    282 |    303 |   2 |  489.5 |
       Dungeon |    979 |    965 |     14 |    282 |    303 |   2 |  489.5 |
               +--------+--------+--------+--------+--------+-----+--------+

Top non-repeatable levels by time:
     D:1: 887 daAuts
     D:2: 92 daAuts
